 Dungeon Crawl Stone Soup version 0.24.0 (webtiles) character file.

Game seed: 15636460079282815978, levelgen mode: deterministic

86 Hekdril the Skirmisher (level 4, -6/35 HPs)
             Began as a Demonspawn Fighter on May 6, 2020.
             Killed by divine providence
             ... invoked by an orc priest
              (17 damage)
             ... on level 3 of the Dungeon.
             The game lasted 00:04:02 (1862 turns).

Hekdril the Skirmisher (Demonspawn Fighter)         Turns: 1862, Time: 00:04:03

Health: -6/35      AC:  8    Str: 17    XL:     4   Next: 26%
Magic:  4/4        EV:  7    Int:  9    God:
Gold:   100        SH:  9    Dex: 13    Spells: 3/3 levels left

rFire    . . .     SeeInvis .   a - +0 war axe
rCold    . . .     Gourm    .   c - +0 shield
rNeg     . . .     Faith    .   b - +0 scale mail
rPois    .         Spirit   .   (no helmet)
rElec    .         Reflect  .   (no cloak)
rCorr    .         Harm     .   (no gloves)
MR       .....                  (no boots)
Stlth    ..........             (no amulet)
HPRegen  0.11/turn              (no ring)
MPRegen  0.09/turn              (no ring)

@: no status effects
A: molten scales 1, spiny 1
a: no special abilities


You were on level 3 of the Dungeon.
You were very hungry.

You visited 1 branch of the dungeon, and saw 3 of its levels.

You collected 100 gold pieces.

Inventory:

Hand Weapons
 a - a +0 war axe (weapon)
Armour
 b - a +0 scale mail (worn)
 c - a +0 shield (worn)
Jewellery
 e - a cursed ring of see invisible {unknown}
Scrolls
 g - 2 scrolls of fear {unknown}
 h - a scroll of amnesia {unknown}
 i - 3 scrolls of identify {unknown}
 l - a scroll of blinking {unknown}
Potions
 d - a potion of might
 j - a potion of cancellation {unknown}
 k - 2 potions of flight {unknown}
Comestibles
 f - 3 rations


   Skills:
 + Level 3.5 Fighting
 + Level 2.8 Axes
 + Level 3.0 Armour
 + Level 0.6 Dodging
 + Level 0.2 Stealth
 + Level 3.1 Shields


You had 3 spell levels left.
You didn't know any spells.
Your spell library was empty.

Dungeon Overview and Level Annotations

Branches:
Dungeon (3/15)

Altars:
Makhleb
Ru


Innate Abilities, Weirdness & Mutations

You are partially covered in molten scales. (AC +2)
You are partially covered in sharp spines.


Message History

The giant cockroach bites you but does no damage.
The giant cockroach bites you but does no damage.
The giant cockroach is struck by your spines.
You kill the giant cockroach!
All of the chunks of flesh in your inventory have rotted away.
You are feeling very hungry.
The orc priest invokes the aid of Beogh against you.
Beogh smites you!
You hear a shout!
You hear a shout! x3
You block the orc priest's attack.
The orc priest calls down the wrath of Beogh upon you.
Beogh smites you!
* * * LOW HITPOINT WARNING * * *
The orc priest barely misses you.
The orc priest invokes the aid of Beogh against you.
You barely resist.
The orc priest invokes the aid of Beogh against you.
Beogh smites you!
You die...

## #.## ..... ..#..
.. #.#.# .. #.#.#
.# #. #.#.#
###.##...
#÷#.###...#..#
#@#.##......#
##.).÷....#.#
#....o....(.....##
#.#########..#...##
....###......##
.....##.......#
...o.o#..##....
....oo#..# ##.
....oo#.###.####


You could see an orc priest.

Vanquished Creatures
  3 worms
  A leopard gecko (D:1)
  15 orcs (D:3)
  4 bats
  3 giant cockroaches
  6 goblins
  3 hobgoblins
  5 jackals
  2 quokkas
  A ball python (D:3)
  5 frilled lizards
  4 kobolds
  4 rats
56 creatures vanquished.

Notes
Turn   | Place    | Note
-------+----------+-------------------------------------------
     0 | D:1      | Hekdril the Demonspawn Fighter began the quest for the Orb.
     0 | D:1      | Reached XP level 1. HP: 18/18 MP: 1/1
   202 | D:1      | Gained mutation: You are partially covered in sharp spines.
                  | [demonic ancestry]
   202 | D:1      | Reached XP level 2. HP: 24/24 MP: 2/2
   908 | D:2      | Gained mutation: You are partially covered in molten
                  | scales. (AC +2) [demonic ancestry]
   908 | D:2      | Reached XP level 3. HP: 12/29 MP: 3/3
   961 | D:2      | Found a burning altar of Makhleb.
   961 | D:2      | Found a sacrificial altar of Ru.
  1581 | D:3      | Reached XP level 4. HP: 20/35 MP: 4/4
  1862 | D:3      | Killed from afar by an orc priest

Levels and vault maps discovered:
D:1:      dpeg_arrival_brainrot, layout_rooms, chequers_serial_rivers_small_b
D:2:      kennysheep_big_flooded_room, layout_loops_ring,
          gammafunk_temple_overflow_elements, kennysheep_generic_room_2
D:3:      cheibrodos_pilgrimage, layout_loops_ring, led_sif_book, st_stairs_8,
          chequers_serial_rivers_small_3, hangedman_glass_teeth,
          nemelex_lonely_heart_becter
